 Dungeon Crawl Stone Soup version 0.26-b1-59-ge38874ec40 (webtiles) character file.

Game seed: 12056457480936865099

10702 prey the Fighter (level 11, 0/102 HPs)
             Began as a Minotaur Berserker on Jan 7, 2021.
             Was an Elder of Trog.
             Killed from afar by an ice statue (11 damage)
             ... with a bolt of cold
             ... in an ice cave on Jan 9, 2021.
             The game lasted 01:52:04 (10208 turns).

prey the Fighter (Minotaur Berserker)              Turns: 10208, Time: 01:52:04

Health: 0/102      AC: 17    Str: 19 (22) XL:     11   Next: 39%
Magic:  10/10      EV: 13    Int:  6      God:    Trog [****..]
Gold:   247        SH:  0    Dex: 10 (11) Spells: 10/10 levels left

rFire    . . .     SeeInvis .   q - +6 battleaxe (vorpal)
rCold    . . .     Faith    .   (shield currently unavailable)
rNeg     + . .     Spirit   .   P - +0 plate armour
rPois    .         Reflect  .   (helmet restricted)
rElec    .         Harm     .   S - +0 cloak
rCorr    .         Rampage  .   (no gloves)
Will     .....                  s - +0 pair of boots
Stlth    ..........             x - amulet of regeneration
HPRegen  0.67/turn              l - +4 ring of evasion
MPRegen  0.12/turn              H - ring of positive energy

@: no status effects
A: retaliatory headbutt, horns 2
a: Renounce Religion, Berserk, Trog's Hand, Brothers in Arms


You were in an ice cave.
You worshipped Trog.
Trog was greatly pleased with you.
You visited 2 branches of the dungeon, and saw 12 of its levels.
You also visited: Bailey and Ice Cave.

You collected 443 gold pieces.
You spent 196 gold pieces at shops.

Inventory:

Hand Weapons
 a - the +2 hunting sling "Laumaniw" {flame, rC+ Int+4 SInv Stlth-}
   (You found it on level 6 of the Dungeon)

   It causes projectiles fired from it to burn those they strike, causing extra
   injury to most foes and up to half again as much damage against particularly
   susceptible opponents.
   It affects your intelligence (+4).
   It protects you from cold.
   It lets you see invisible.
   It makes you less stealthy.
 q - a +6 vorpal battleaxe (weapon)
 w - a +4 quarterstaff of chaos
Missiles
 f - 74 sling bullets
 o - 65 boomerangs
Armour
 s - a +0 pair of boots (worn)
 P - a +0 plate armour (worn)
 S - a +0 cloak (worn)
Jewellery
 l - a +4 ring of evasion (left hand)
 x - an amulet of regeneration (around neck)
 D - an uncursed amulet of reflection
 H - a ring of positive energy (right hand)
 J - an uncursed amulet of faith
 O - an uncursed ring of flight
Wands
 E - a wand of flame (31)
 F - a wand of digging (7)
 M - a wand of iceblast (17)
 N - a wand of polymorph (18)
 V - a wand of paralysis (6)
Scrolls
 c - a scroll of enchant armour
 d - 7 scrolls of identify
 n - 4 scrolls of fog
 t - 4 scrolls of enchant weapon {unknown}
 u - a scroll of immolation {unknown}
 v - a scroll of random uselessness {unknown}
 y - 2 scrolls of acquirement {unknown}
 z - 2 scrolls of amnesia {unknown}
 B - 2 scrolls of fear
 G - 8 scrolls of remove curse
 Q - 3 scrolls of teleportation
 W - a scroll of noise {unknown}
Potions
 b - a potion of invisibility
 e - 2 potions of attraction
 g - 4 potions of flight
 h - 4 potions of haste
 j - 4 potions of magic
 k - a potion of berserk rage
 m - 6 potions of curing
 p - 2 potions of cancellation
 r - 3 potions of might
 A - 4 potions of mutation
 C - 2 potions of ambrosia
 I - 7 potions of heal wounds
 Z - 2 potions of lignification


   Skills:
 * Level 11.5 Fighting
 - Level 4.1 Long Blades
 * Level 4.2(4.4) Axes
 - Level 1.5(6.4) Maces & Flails
 - Level 8.9(9.0) Staves
 - Level 7.0 Slings
 * Level 10.9 Armour
 + Level 7.4 Dodging
 - Level 1.7 Shields


You had 10 spell levels left.
You didn't know any spells.
Your spell library contained the following spells:

 Spells                   Type           Power        Failure   Level
 Shock                    Conj/Air       0%           100%        1
 Sting                    Tmut/Pois      0%           100%        1
 Poisonous Vapours        Pois/Air       0%           100%        2
 Swiftness                Air            0%           100%        2
 Ignite Poison            Fire/Tmut/Pois 0%           100%        3
 Mephitic Cloud           Conj/Pois/Air  0%           100%        3
 Static Discharge         Conj/Air       0%           100%        3
 Airstrike                Air            0%           100%        4
 Olgreb's Toxic Radiance  Pois           0%           100%        4
 Lightning Bolt           Conj/Air       0%           100%        5


Dungeon Overview and Level Annotations

Branches:
Dungeon (11/15)            Temple (0/1) D:5            Lair (1/6) D:8
 Bailey (visited)           IceCv (1/1)
    Orc: D:9-12

Altars:
Fedhas
Gozag
Hepliaklqana
Kikubaaqudgha
Nemelex Xobeh
Ru
Trog
Wu Jian
Xom

Shops:
D:4 !   D:10 ?}:

Annotations:
IceCv exclusion: 3 ice statues


Innate Abilities, Weirdness & Mutations

You reflexively headbutt those who attack you in melee.
You have a pair of horns on your head.


Message History

Okay, then.
You slash the ice beast! You headbutt the ice beast.
The ice beast is severely wounded.
You hit the ice statue but do no damage.
You are engulfed in freezing vapours.
* * * LOW HITPOINT WARNING * * *
The ice statue gestures.
The ice beast hits you but does no damage.
The ice statue gestures at you. The shard of ice misses you.
The ice beast hits you but does no damage.
Blink to where?
Press: ? - help, Dir - move target
As you read the scroll of blinking, it crumbles to dust.
You are engulfed in freezing vapours.
* * * LOW HITPOINT WARNING * * *
The ice statue glitters chillingly in the dim dungeon light.
The ice statue gestures at you. The bolt of cold hits you!
You die...

###8###
##.....##
##....Y..##
#°........#
#○°°......#
#°○°○.....#
#○Y.○.....#
#8°○Y°...8#
#####@#####
#.........#
#.........#
#........(#
#.........#
#.........#
##.......##
##.....##
###.###


You could see 2 ice statues and 3 ice beasts.

Vanquished Creatures
  Gastronok (D:8)
  A two-headed ogre (D:8)
  A swamp dragon (shapeshifter) (D:9)
  An orc knight (Bailey)
  An ugly thing (IceCv)
  Psyche (D:9)
  A komodo dragon (Lair:1)
  Sigmund (D:6)
  A steam dragon (D:10)
  2 wargs (D:8)
  A water moccasin (D:8)
  7 ice beasts
  5 orc warriors
  2 sky beasts
  A phantom (D:8)
  A necrophage (D:8)
  6 ogres
  5 wolves (Lair:1)
  5 centaurs
  2 big kobolds (D:8)
  Blork the orc (D:6)
  6 bullfrogs
  A gnoll sergeant (D:10)
  A wyvern skeleton (D:9)
  2 scorpions
  11 killer bees
  2 howler monkeys (D:4)
  A jelly (D:6)
  Crazy Yiuf (D:3)
  6 hounds
  9 orc priests
  3 iguanas
  2 worker ants
  8 orc wizards
  A killer bee zombie (D:6)
  2 hound zombies
  A howler monkey zombie (D:8)
  10 adders
  16 gnolls
  A shadow imp (D:7)
  3 white imps
  An ufetubus (D:5)
  5 oozes
  5 worms
  A dart slug (D:3)
  7 leopard geckos
  48 orcs
  6 bats
  5 giant cockroaches
  12 goblins
  21 hobgoblins
  9 jackals
  31 kobolds
  4 quokkas
  A ball python (D:2)
  11 frilled lizards
  A giant cockroach zombie (D:5)
  A leopard gecko skeleton (D:7)
  A leopard gecko zombie (D:6)
  A quokka zombie (D:6)
  13 rats
318 creatures vanquished.

Vanquished Creatures (collateral kills)
  A two-headed ogre (D:7)
1 creature vanquished.

Vanquished Creatures (others)
  A human (D:6)
  A bush (D:5)
  4 fungi (Lair:1)
  4 plants (Lair:1)
10 creatures vanquished.

Grand Total: 329 creatures vanquished

Notes
Turn   | Place    | Note
-------+----------+-------------------------------------------
     0 | D:1      | prey the Minotaur Berserker began the quest for the Orb.
     0 | D:1      | Reached XP level 1. HP: 19/19 MP: 0/0
   201 | D:1      | Reached skill level 4 in Fighting
   201 | D:1      | Reached XP level 2. HP: 27/27 MP: 1/1
   766 | D:1      | Reached ** piety under Trog
   965 | D:2      | Reached XP level 3. HP: 29/33 MP: 2/2
  1378 | D:2      | Found an opulent altar of Gozag.
  1477 | D:2      | Found a faded altar of an unknown god.
  1585 | D:2      | Reached XP level 4. HP: 39/41 MP: 3/3
  2042 | D:3      | Reached skill level 1 in Maces & Flails
  2214 | D:3      | Reached skill level 1 in Shields
  2339 | D:3      | Reached skill level 5 in Fighting
  2442 | D:3      | Reached *** piety under Trog
  2481 | D:3      | Reached XP level 5. HP: 48/48 MP: 4/4
  2592 | D:3      | Found a runed translucent door.
  2603 | D:3      | Noticed Crazy Yiuf
  2778 | D:3      | Killed Crazy Yiuf
  3040 | D:4      | Reached skill level 1 in Staves
  3355 | D:4      | Noticed a sky beast
  3363 | D:4      | Killed a sky beast
  3364 | D:4      | Reached XP level 6. HP: 57/57 MP: 5/5
  3513 | D:4      | Found Tuodurr's Distillery.
  3519 | D:4      | Bought a potion of flight for 30 gold pieces
  3519 | D:4      | Bought a potion of curing for 30 gold pieces
  3588 | D:4      | Reached skill level 6 in Fighting
  3637 | D:5      | Entered Level 5 of the Dungeon
  3674 | D:5      | Found a staircase to the Ecumenical Temple.
  3797 | D:5      | Found an ornate altar of the Wu Jian Council.
  3884 | D:5      | Reached XP level 7. HP: 56/63 MP: 6/6
  3932 | D:5      | Found a blossoming altar of Fedhas.
  4098 | D:5      | Reached skill level 5 in Armour
  4199 | D:5      | Found a sparkling altar of Nemelex Xobeh.
  4308 | D:6      | Noticed Blork the orc
  4313 | D:6      | Killed Blork the orc
  4313 | D:6      | Reached **** piety under Trog
  4321 | D:6      | Found a sacrificial altar of Ru.
  4352 | D:6      | Found an ancient bone altar of Kikubaaqudgha.
  4352 | D:6      | Noticed a human
  4357 | D:6      | Killed a human
  4427 | D:6      | Noticed Sigmund
  4432 | D:6      | Killed Sigmund
  4433 | D:6      | Reached skill level 7 in Fighting
  4485 | D:6      | Noticed a moth of wrath
  4488 | D:6      | Found a bloodstained altar of Trog.
  4580 | D:6      | Reached XP level 8. HP: 73/73 MP: 7/7
  4712 | D:6      | Reached skill level 5 in Staves
  4713 | D:6      | Got an ebony hunting sling
  4714 | D:6      | Identified the +2 hunting sling "Laumaniw" {flame, rC+
                  | Int+4 SInv Stlth-} (You found it on level 6 of the Dungeon)
  4774 | D:6      | Reached skill level 1 in Slings
  4881 | D:7      | Reached ***** piety under Trog
  5370 | D:7      | Found a shimmering altar of Xom.
  5378 | D:7      | Reached skill level 8 in Fighting
  5557 | D:7      | Reached skill level 5 in Dodging
  5677 | D:8      | Noticed a two-headed ogre
  5682 | D:8      | Reached XP level 9. HP: 82/82 MP: 8/8
  5688 | D:8      | Killed a two-headed ogre
  5699 | D:8      | Reached skill level 9 in Fighting
  5704 | D:8      | Noticed a two-headed ogre
  5721 | D:7      | Killed a two-headed ogre
  5975 | D:8      | Reached skill level 5 in Slings
  6026 | D:8      | Reached XP level 10. HP: 65/91 MP: 9/9
  6130 | D:8      | Found a hazy altar of Hepliaklqana.
  6151 | D:8      | Found a staircase to the Lair.
  6393 | D:8      | Noticed Gastronok
  6418 | D:8      | Killed Gastronok
  6419 | D:8      | Reached skill level 10 in Fighting
  7075 | D:9      | Upgraded the game from 0.26-b1-52-g61e05abef2 to
                  | 0.26-b1-59-ge38874ec40
  7098 | D:9      | Noticed Psyche
  7111 | D:9      | Killed Psyche
  7150 | D:9      | Received a gift from Trog
  7183 | D:9      | Noticed a swamp dragon
  7183 | D:9      | a human changed into a swamp dragon
  7188 | D:9      | Killed a swamp dragon
  7189 | D:9      | Reached skill level 1 in Axes
  7189 | D:9      | Reached skill level 10 in Armour
  7205 | D:9      | Found a flagged portal.
  7252 | Bailey   | Entered a bailey
  7352 | Bailey   | Noticed an orc knight
  7411 | Bailey   | Reached XP level 11. HP: 88/101 MP: 10/10
  7436 | Bailey   | Killed an orc knight
  7440 | Bailey   | HP: 5/101 [gnoll/+1 halberd of electrocution (18)]
  7454 | Bailey   | Reached skill level 11 in Fighting
  8088 | D:10     | Entered Level 10 of the Dungeon
  8161 | D:10     | Found Onwis's Book Emporium.
  8447 | D:10     | Found Kuno's Gadget Shoppe.
  8573 | D:10     | Found Bagien's Magic Scroll Shop.
  8583 | D:10     | Bought a scroll of fear for 56 gold pieces
  8583 | D:10     | Bought a scroll of teleportation for 48 gold pieces
  8583 | D:10     | Bought a scroll of fog for 32 gold pieces
  8943 | Lair:1   | Entered Level 1 of the Lair of Beasts
  9123 | Lair:1   | Reached ****** piety under Trog
  9177 | D:10     | Received a gift from Trog
  9572 | D:11     | Found a frozen archway.
  9590 | IceCv    | Entered an ice cave
  9639 | IceCv    | Noticed a white ugly thing
  9648 | IceCv    | Killed a white ugly thing
 10208 | IceCv    | Killed from afar by an ice statue

Illustrated notes

Levels and vault maps discovered:
D:1:      minmay_arrival_glassed_features, layout_basic
D:2:      layout_basic, chequers_ecumenical_altar_simple, lemuel_altar_in_water
D:3:      layout_rooms, kennysheep_generic_room_10, uniq_crazy_yiuf_cottage
D:4:      layout_loops_ring, serial_shops, nicolae_shop_behind_doors
D:5:      layout_rooms, nzn_wu_jian_contemplation,
          fedhas_bush_and_centaur_altar, lemuel_round_altar,
          minmay_temple_entry_trees
D:6:      layout_rooms, nicolae_ru_great_annihilating_truth, tgw_trog,
          tgw_kikubaaqudgha, uniq_blork_the_orc, uniq_sigmund
D:7:      layout_basic, basic_altar
D:8:      layout_rooms, overflow_temple_1_default, erik_lair_orcish_takeover,
          dk_noncrumbling_3, minmay_tree_intersection,
          minmay_fractal_squares_diagonal_5, uniq_gastronok
D:9:      layout_rooms, enter_bailey_2, uniq_psyche
D:10:     layout_roguey, serial_shops, nicolae_shop_behind_doors, shop,
          nicolae_shop_waterfront, st_stairs_6, glass_columns_b
D:11:     layout_roguey, serial_shops, shop, portal_ice_cave_entry_pillars_1
Lair:1:   layout_loops_ring, worms_lemuel, grunt_megastairs_5
IceCv:    ice_cave_statue_garden_chambered

Skill      XL: |  1  2  3  4  5  6  7  8  9 10 11 |
---------------+----------------------------------+-----
Fighting       | 4 5 6 7 8 9 10 11 | 11.5
Long Blades    | 4 |  4.1
Armour         | 3 4 6 7 8 10 | 10.9
Maces & Flails | 1 |  1.5
Shields        | 1 |  1.7
Dodging        | 3 4 5 6 7 |  7.4
Staves         | 2 4 6 7 8 |  8.9
Slings         | 3 5 7 |  7.0
Axes           | 1 4 |  4.2

Action                   |  1- 3 |  4- 6 |  7- 9 | 10-12 || total
-------------------------+-------+-------+-------+-------++-------
Melee: Falchion          |    42 |       |       |       ||    42
       Headbutt          |     9 |    26 |    30 |    57 ||   122
       Whip              |     9 |   113 |       |       ||   122
       Mace              |     6 |       |       |       ||     6
       Quarterstaff      |       |    43 |   171 |   134 ||   348
       Battleaxe         |       |       |       |   170 ||   170
 Fire: Hunting sling     |     6 |       |    24 |    18 ||    48
Invok: Berserk           |       |     5 |     4 |     9 ||    18
       Trog's Hand       |       |     1 |     3 |     4 ||     8
       Brothers in Arms  |       |       |     1 |       ||     1
  Use: Scroll            |       |     5 |       |     9 ||    14
       Potion            |       |       |       |     5 ||     5
 Stab: Paralysed         |       |       |     1 |     2 ||     3
       Confused          |       |       |       |     1 ||     1
       Petrifying        |       |       |       |     1 ||     1
Armor: Animal skin       |     5 |       |       |       ||     5
       Scale mail        |       |    19 |       |       ||    19
       Ring mail         |       |     3 |       |       ||     3
       Chain mail        |       |    18 |    83 |    17 ||   118
       Plate armour      |       |       |       |   183 ||   183
Dodge: Dodged            |    46 |    60 |   165 |   380 ||   651
Block: Tower shield      |       |    56 |       |       ||    56
       Rpst.: Falchion   |    13 |       |       |       ||    13
